 Dungeon Crawl Stone Soup version 0.25-a0-822-g6581751b11 (webtiles) character file.

Game seed: 18080142654805878664, levelgen mode: deterministic

2885 Lanoc the Basher (level 9, 0/74 HPs)
             Began as a Gnoll Chaos Knight on Apr 21, 2020.
             Was a Plaything of Xom.
             Slain by a troll (9 damage)
             ... on level 7 of the Dungeon.
             The game lasted 00:15:43 (5804 turns).

Lanoc the Basher (Gnoll Chaos Knight)               Turns: 5804, Time: 00:15:44

Health: 0/74       AC: 10    Str: 15 (16) XL:     9   Next: 77%
Magic:  0/15       EV: 15    Int: 15 (16) God:    Xom [...*..]
Gold:   132        SH:  0    Dex: 17      Spells: 17/17 levels left

rFire    . . .     SeeInvis .   y - +4 quarterstaff (chaos)
rCold    . . .     Gourm    .   (shield currently unavailable)
rNeg     . . .     Faith    .   v - +1 steam dragon scales
rPois    .         Spirit   +   p - +2 helmet
rElec    .         Reflect  .   (no cloak)
rCorr    .         Harm     .   (no gloves)
MR       .....     Clarity  +   (no boots)
Stlth    +++.......             l - amulet of guardian spirit
HPRegen  0.22/turn              (no ring)
MPRegen  0.14/turn              (no ring)

@: about to teleport
A: distributed training, fangs 1, clarity, clever 1, deterioration 1, strong
nose
a: Renounce Religion


You were on level 7 of the Dungeon.
You worshipped Xom.
You were a favourite toy of Xom.
You were not hungry.

You visited 2 branches of the dungeon, and saw 8 of its levels.
You also visited: Sewer.

You collected 237 gold pieces.
You spent 105 gold pieces at shops.

Inventory:

Hand Weapons
 a - a +1 mace of chaos
 y - a +4 quarterstaff of chaos (weapon)
Missiles
 e - 14 poisoned darts (quivered)
 f - 5 silver javelins
 h - 21 sling bullets
 u - 86 arrows
Armour
 p - a +2 helmet (worn)
 v - +1 steam dragon scales (worn)
Jewellery
 l - an amulet of guardian spirit (around neck)
 x - an uncursed ring of positive energy {unknown}
Wands
 q - a wand of clouds (5)
 s - a wand of polymorph (1)
 w - a wand of flame (15)
Scrolls
 i - 4 scrolls of remove curse
 n - 2 scrolls of immolation
Potions
 b - 2 potions of ambrosia
 d - a potion of resistance
 j - a potion of lignification
 k - a potion of heal wounds {unknown}
 m - 2 potions of degeneration {unknown}
 r - 4 potions of curing
 t - 4 potions of flight {unknown}
Comestibles
 c - 8 rations


   Skills:
 + Level 8.0 Fighting
 + Level 4.5 Short Blades
 + Level 4.5 Long Blades
 + Level 4.5 Axes
 + Level 8.0 Maces & Flails
 + Level 4.5 Polearms
 + Level 4.5 Staves
 + Level 4.5 Slings
 + Level 4.5 Bows
 + Level 4.5 Crossbows
 + Level 4.5 Throwing
 + Level 6.5 Armour
 + Level 5.2 Dodging
 + Level 4.5 Stealth
 + Level 4.5 Shields
 + Level 4.5 Unarmed Combat
 + Level 4.5 Spellcasting
 + Level 3.7 Conjurations
 + Level 3.7 Hexes
 + Level 3.7 Charms
 + Level 3.7 Summonings
 + Level 3.7 Necromancy
 + Level 3.7 Translocations
 + Level 3.7 Transmutations
 + Level 3.7 Fire Magic
 + Level 3.7 Ice Magic
 + Level 3.7 Air Magic
 + Level 3.7 Earth Magic
 + Level 3.7 Poison Magic
 + Level 4.9 Invocations
 + Level 4.5 Evocations


You had 17 spell levels left.
You didn't know any spells.
Your spell library was empty.

Dungeon Overview and Level Annotations

Branches:
Dungeon (7/15)             Temple (1/1) D:5           Sewer (visited)

Altars:
Fedhas
Kikubaaqudgha
Okawaru
Wu Jian
Xom
Yredelemnul

Shops:
D:5 ?


Innate Abilities, Weirdness & Mutations

Your experience applies equally to all skills.
You have very sharp teeth.
Your uncanny sense of smell can sniff out nearby items.
You possess an exceptional clarity of mind.
Your mind is acute. (Int +2)
Your body sometimes deteriorates upon taking damage.


Message History

You hit the troll.
The troll flickers and vanishes!
Deactivating autopickup; reactivate with Ctrl-A.
There is a stone staircase leading up here.
You sock something! You bite something. You hit something but do no damage.
You hit something.
Nothing appears to happen.
You thump something! Something bites you!! Something claws you!
Something claws you.
You barely miss something. Something bites you but does no damage.
Something completely misses you. Something claws you!
You miss something. Something bites you!
Something claws you but does no damage. Something claws you!
* * * LOW HITPOINT WARNING * * *
Your body deteriorates!
You feel weakened.
As you read the scroll of teleportation, it crumbles to dust.
You feel strangely unstable. Something bites you!
* * * LOW HITPOINT WARNING * * *
Something claws you but does no damage. Something claws you!
You die... "Boring in life, boring in death..."

................
.....#.............###.
....#...#.........###.
#....... #...(...... .#
#....... ##..........
#..#.......###...........
........§................
#...§.###.....[........
#..§§@#...##..........
##..§§§{§.##...........
#..........#...........
##.#.##...(............
#.#. #....(###........ #
## ##.#>#.#.#.#.#.#.
#.........(.....
#.#.#.#.#.#.#.#.
#..............


There were no monsters in sight!

Vanquished Creatures
  Harold (D:7)
  Maggie (D:6)
  Prince Ribbit (D:6)
  Menkaure (D:6)
  A sky beast (D:4)
  A phantom (D:4)
  A boggart (Sewer)
  2 ogres
  2 centaurs (D:5)
  Blork the orc (D:6)
  A wyvern skeleton (D:7)
  A howler monkey (D:7)
  A crimson imp (D:7)
  A hound (D:3)
  5 orc priests
  A centaur skeleton (D:7)
  A jelly (D:7)
  A bullfrog skeleton (D:5)
  Crazy Yiuf (D:6)
  3 worker ants
  7 orc wizards
  A killer bee zombie (D:7)
  Robin (D:3)
  5 adders
  A gnoll (D:1)
  2 river rats (Sewer)
  A shadow imp (D:7)
  4 oozes
  An adder zombie (D:6)
  4 worms
  3 dart slugs
  2 leopard geckos
  17 orcs
  6 giant cockroaches
  13 goblins
  6 hobgoblins
  5 jackals
  8 kobolds
  3 quokkas
  A ball python (D:3)
  4 bats
  3 frilled lizards
  A leopard gecko zombie (D:6)
  A quokka skeleton (D:5)
  6 rats
  A fungus (D:6)
135 creatures vanquished.

Vanquished Creatures (others)
  An orc priest (D:5)
  2 orcs
3 creatures vanquished.

Grand Total: 138 creatures vanquished

Notes
Turn   | Place    | Note
-------+----------+-------------------------------------------
     0 | D:1      | Lanoc the Gnoll Chaos Knight began the quest for the Orb.
     0 | D:1      | Reached XP level 1. HP: 23/23 MP: 1/1
    51 | D:1      | XOM: potion effect (invisibility)
    53 | D:1      | Reached XP level 2. HP: 29/29 MP: 2/2
   143 | D:1      | Reached XP level 3. HP: 18/35 MP: 3/3
   152 | D:1      | XOM: divination: magic mapping
   196 | D:1      | XOM: give mutation
   196 | D:1      | Gained mutation: Your body sometimes deteriorates upon
                  | taking damage. [Xom's mischief]
   274 | D:2      | Reached skill level 1 in Invocations
   313 | D:2      | XOM: summons friendly ufetubus
   317 | D:2      | XOM: scenery: create altars
   327 | D:2      | Reached skill level 1 in Short Blades
   327 | D:2      | Reached skill level 1 in Long Blades
   327 | D:2      | Reached skill level 1 in Axes
   327 | D:2      | Reached skill level 1 in Polearms
   327 | D:2      | Reached skill level 1 in Staves
   327 | D:2      | Reached skill level 1 in Slings
   327 | D:2      | Reached skill level 1 in Bows
   327 | D:2      | Reached skill level 1 in Crossbows
   327 | D:2      | Reached skill level 1 in Throwing
   327 | D:2      | Reached skill level 1 in Stealth
   327 | D:2      | Reached skill level 1 in Shields
   327 | D:2      | Reached skill level 1 in Unarmed Combat
   327 | D:2      | Reached skill level 1 in Spellcasting
   327 | D:2      | Reached skill level 1 in Evocations
   327 | D:2      | Reached XP level 4. HP: 13/41 MP: 5/5
   369 | D:3      | Found an ornate altar of the Wu Jian Council.
   369 | D:3      | XOM: 3-stop teleportation journey
   542 | D:3      | XOM: enchant monster (good)
   718 | D:3      | Noticed Robin
   722 | D:3      | Reached skill level 1 in Conjurations
   722 | D:3      | Reached skill level 1 in Hexes
   722 | D:3      | Reached skill level 1 in Charms
   722 | D:3      | Reached skill level 1 in Summonings
   722 | D:3      | Reached skill level 1 in Necromancy
   722 | D:3      | Reached skill level 1 in Translocations
   722 | D:3      | Reached skill level 1 in Transmutations
   722 | D:3      | Reached skill level 1 in Fire Magic
   722 | D:3      | Reached skill level 1 in Ice Magic
   722 | D:3      | Reached skill level 1 in Air Magic
   722 | D:3      | Reached skill level 1 in Earth Magic
   722 | D:3      | Reached skill level 1 in Poison Magic
   722 | D:3      | XOM: divination: magic mapping
   788 | D:3      | Killed Robin
   788 | D:3      | Reached XP level 5. HP: 30/47 MP: 6/6
   941 | D:3      | Found a basalt altar of Yredelemnul.
   941 | D:3      | XOM: 9-stop teleportation journey
   952 | D:3      | XOM: silly message
   991 | D:3      | XOM: 2-stop teleportation journey
  1291 | D:3      | Found a blossoming altar of Fedhas.
  1334 | D:3      | XOM: silly message
  1747 | D:4      | Reached XP level 6. HP: 53/53 MP: 8/8
  1789 | D:4      | XOM: noise
  1793 | D:4      | XOM: potion effect (berserk rage)
  1794 | D:4      | Reached skill level 5 in Armour
  1862 | D:4      | Noticed a phantom
  1868 | D:4      | XOM: potion effect (invisibility)
  1943 | D:4      | XOM: 1-stop teleportation journey
  1944 | D:4      | Noticed a sky beast
  1945 | D:4      | XOM: noise
  1953 | D:4      | Killed a sky beast
  2153 | D:4      | XOM: give mutations
  2153 | D:4      | Gained mutation: You possess an exceptional clarity of
                  | mind. [Xom's grace]
  2153 | D:4      | Gained mutation: Your mind is acute. (Int +2) [Xom's grace]
  2153 | D:4      | Gained mutation: You expend magic power (3 MP) to
                  | strengthen your wands. [Xom's grace]
  2233 | D:4      | XOM: polymorph iguana -> ooze
  2234 | D:4      | Reached XP level 7. HP: 52/59 MP: 8/10
  2254 | D:4      | XOM: summons 4 hostile demons
  2510 | D:4      | XOM: give mutation
  2510 | D:4      | Lost mutation: You expend magic power (3 MP) to strengthen
                  | your wands. [Xom's mischief]
  2710 | D:4      | Found an iron altar of Okawaru.
  2818 | D:4      | XOM: summons 2 hostile demons
  2825 | D:4      | XOM: cloud trail
  2952 | D:5      | Entered Level 5 of the Dungeon
  3123 | D:5      | XOM: divination: detect items
  3226 | D:5      | Found a staircase to the Ecumenical Temple.
  3239 | Temple   | Entered the Ecumenical Temple
  3279 | D:5      | Found Hoirghipe's Magic Scroll Shop.
  3285 | D:5      | Bought a scroll of blinking for 75 gold pieces
  3285 | D:5      | Bought a scroll of teleportation for 30 gold pieces
  3503 | D:5      | XOM: smoke on damage
  3570 | D:6      | XOM: enchant monster (bad)
  3577 | D:6      | Reached XP level 8. HP: 29/67 MP: 5/12
  3603 | D:6      | XOM: torment (19/67 hp)
  3650 | D:6      | Noticed Prince Ribbit
  3663 | D:6      | Noticed Maggie
  3701 | D:6      | XOM: enchant monster (good)
  3708 | D:6      | Killed Prince Ribbit
  3889 | D:6      | XOM: 7-stop teleportation journey
  3979 | D:6      | Noticed Blork the orc
  3984 | D:6      | Found a glowing drain.
  3986 | D:6      | XOM: swap monsters
  3996 | Sewer    | Entered a sewer
  4300 | Sewer    | Found a white marble altar of Elyvilon.
  4345 | D:6      | XOM: butterfly on damage
  4376 | D:6      | Killed Blork the orc
  4479 | D:6      | Killed Maggie
  4479 | D:6      | Reached XP level 9. HP: 63/72 MP: 12/14
  4545 | D:6      | Noticed Menkaure
  4551 | D:6      | Killed Menkaure
  4650 | D:6      | Found a runed translucent door.
  4651 | D:6      | Noticed Crazy Yiuf
  4658 | D:6      | Killed Crazy Yiuf
  4703 | D:7      | Found an ancient bone altar of Kikubaaqudgha.
  4736 | D:7      | XOM: noise
  4821 | D:7      | Noticed a troll
  5330 | D:7      | Noticed Harold
  5332 | D:7      | XOM: enchant monster (good)
  5363 | D:7      | XOM: summons 4 hostile shadow creatures
  5365 | D:7      | Killed Harold
  5365 | D:7      | Reached skill level 5 in Dodging
  5368 | D:7      | HP: 1/111 [centaur/arrow[Xom] (6)]
  5790 | D:7      | XOM: fog
  5791 | D:7      | XOM: enchant monster (good)
  5804 | D:7      | Slain by a troll

Levels and vault maps discovered:
D:1:      minmay_arrival_wavy_path, layout_basic, tso_altar
D:2:      layout_basic, nicolae_qazlal_eye_of_the_storm, uniq_jessica,
          uniq_terence, uniq_sigmund
D:3:      layout_loops_ring, lemuel_coloured_pillars_altar,
          overflow_temple_1_default, minmay_misc_feat_cross, minmay_door_square,
          fedhas_altar_2, uniq_robin
D:4:      layout_layer_cave, nicolae_overflow_crystal_walls, first_ration
D:5:      layout_loops_ring, minmay_temple_entry_junction, serial_shops,
          shop_scrolls
D:6:      layout_basic, portal_sewer_entry_e, uniq_prince_ribbit1,
          uniq_blork_the_orc, uniq_maggie, uniq_menkaure,
          uniq_crazy_yiuf_cottage
D:7:      layout_cave_pools, kiku_gazebo_pond_becter, serial_shops, shop,
          st_stairs_13, uniq_harold
Temple:   jpeg_temple_clearing

Skill      XL: |  1  2  3  4  5  6  7  8  9 |
---------------+----------------------------+-----
Invocations    | 1 2 3 4 |  4.9
Short Blades   | 1 2 3 4 |  4.5
Long Blades    | 1 2 3 4 |  4.5
Axes           | 1 2 3 4 |  4.5
Polearms       | 1 2 3 4 |  4.5
Staves         | 1 2 3 4 |  4.5
Slings         | 1 2 3 4 |  4.5
Bows           | 1 2 3 4 |  4.5
Crossbows      | 1 2 3 4 |  4.5
Throwing       | 1 2 3 4 |  4.5
Stealth        | 1 2 3 4 |  4.5
Shields        | 1 2 3 4 |  4.5
Unarmed Combat | 1 2 3 4 |  4.5
Spellcasting   | 1 2 3 4 |  4.5
Evocations     | 1 2 3 4 |  4.5
Conjurations   | 1 2 3 |  3.7
Hexes          | 1 2 3 |  3.7
Charms         | 1 2 3 |  3.7
Summonings     | 1 2 3 |  3.7
Necromancy     | 1 2 3 |  3.7
Translocations | 1 2 3 |  3.7
Transmutations | 1 2 3 |  3.7
Fire Magic     | 1 2 3 |  3.7
Ice Magic      | 1 2 3 |  3.7
Air Magic      | 1 2 3 |  3.7
Earth Magic    | 1 2 3 |  3.7
Poison Magic   | 1 2 3 |  3.7
Dodging        | 3 4 5 |  5.2
Armour         | 5 6 |  6.5
Fighting       | 7 8 |  8.0
Maces & Flails | 7 8 |  8.0

Action                   |  1- 3 |  4- 6 |  7- 9 || total
-------------------------+-------+-------+-------++-------
Melee: Mace              |    51 |   162 |   248 ||   461
       Bite              |     2 |    18 |    37 ||    57
       Punch             |       |       |     3 ||     3
       Quarterstaff      |       |       |    68 ||    68
Throw: Dart              |       |       |    15 ||    15
  Use: Potion            |       |     2 |     1 ||     3
       Scroll            |       |       |    14 ||    14
 Stab: Invisible         |     3 |       |       ||     3
       Sleeping          |     1 |     5 |     2 ||     8
       Paralysed         |       |     3 |     8 ||    11
       Confused          |       |       |     1 ||     1
       Petrified         |       |       |     2 ||     2
  Eat: Chunk             |       |     4 |     6 ||    10
       Ration            |       |       |     2 ||     2
Armor: Leather armour    |    18 |    51 |    69 ||   138
       Steam dragon scal |       |       |    21 ||    21
Dodge: Dodged            |    42 |    97 |   201 ||   340

Table legend:
 A = Non-vault XP
 B = Vault XP
 C = Vault XP percentage of total XP
 D = Non-vault monster count
 E = Vault monster count
 F = Vault count percentage of total count
                 A         B        C        D         E       F
            +---------+---------+-------+---------+---------+-------
      Total |    1911 |    2211 |  53.6 |     111 |      24 |  17.8
            +---------+---------+-------+---------+---------+-------
        D:1 |      41 |       0 |   0.0 |      14 |       0 |   0.0
        D:2 |      45 |       0 |   0.0 |      10 |       0 |   0.0
        D:3 |     185 |      26 |  12.3 |      32 |       7 |  17.9
        D:4 |     482 |       0 |   0.0 |      17 |       0 |   0.0
        D:5 |     389 |       0 |   0.0 |      13 |       0 |   0.0
        D:6 |     285 |    1013 |  78.0 |       9 |       5 |  35.7
        D:7 |     484 |    1018 |  67.8 |      16 |       1 |   5.9
      Sewer |       0 |     154 | 100.0 |       0 |      11 | 100.0
            +---------+---------+-------+---------+---------+-------
